 Dungeon Crawl Stone Soup version 0.27.0 (webtiles) character file.

Game seed: 10617286997916123348

45 SnakkuSnakku7 the Poker (level 3, -1/24 HPs)
             Began as a Merfolk Enchanter on July 31, 2021.
             Killed from afar by an orc wizard (7 damage)
             ... with a magic dart
             ... on level 2 of the Dungeon.
             The game lasted 00:02:03 (1672 turns).

SnakkuSnakku7 the Poker (Merfolk Enchanter)         Turns: 1672, Time: 00:02:04

Health: -1/24      AC:  2    Str:  9    XL:     3   Next: 64%
Magic:  6/6        EV: 12    Int: 14    God:
Gold:   52         SH:  0    Dex: 14    Spells: 5/6 levels left

rFire    . . .     SeeInvis .   a - +0 trident
rCold    . . .     Faith    .   (no shield)
rNeg     . . .     Spirit   .   b - +0 robe
rPois    .         Reflect  .   (no helmet)
rElec    .         Harm     .   (no cloak)
rCorr    .         Rampage  .   (no gloves)
Will     .....                  (no boots)
Stlth    ++........             (no amulet)
HPRegen  0.08/turn              (no ring)
MPRegen  0.10/turn              (no ring)

@: no status effects
A: (nimble swimmer 2), mertail
a: no special abilities


You were on level 2 of the Dungeon.
You visited 1 branch of the dungeon, and saw 2 of its levels.

You collected 52 gold pieces.

Inventory:

Hand Weapons
 a - a +0 trident (weapon)
 e - a +1 dagger
Armour
 b - a +0 robe (worn)
 c - a +0 buckler
Scrolls
 d - 3 scrolls of identify {unknown}
 f - a scroll of fear {unknown}
 g - a scroll of teleportation {unknown}


   Skills:
 - Level 1.2 Short Blades
 + Level 3.9 Polearms
 - Level 2.6 Dodging
 - Level 3.2 Stealth
 - Level 2.0 Spellcasting
 - Level 3.4 Hexes


You had 5 spell levels left.
You knew the following spells:

 Your Spells              Type           Power      Damage    Failure   Level
a - Corona                Hex            12%        N/A       6%          1

Your spell library contained the following spells:

 Spells                   Type           Power      Damage    Failure   Level
 Confusing Touch          Hex            11%        N/A       17%         3
 Tukima's Dance           Hex            11%        N/A       17%         3
 Ensorcelled Hibernation  Hex/Ice        12%        N/A       19%         2
 Dazzling Flash           Conj/Hex       12%        N/A       34%         3


Dungeon Overview and Level Annotations

Branches:
Dungeon (2/15)

Altars:


Innate Abilities, Weirdness & Mutations

((You are quick and stealthy near water. (Stealth+, EV+, Speed+++)))
Your lower body shifts to a powerful aquatic tail in water.


Message History

You reach to attack!
You barely miss the orc wizard.
The orc wizard gestures at you while chanting.
You are confused.
You are too confused!
You bump into the rock wall.
You closely miss the orc wizard. The orc wizard barely misses you.
You bump into the rock wall.
The orc wizard hits you with a +0 dagger.
The orc wizard hits you with a +0 dagger.
You're too confused to move!
The orc wizard gestures at you while chanting.
You are more confused.
The orc wizard misses you. The orc wizard barely misses you.
The orc wizard closely misses you.
The orc wizard hits you with a +0 dagger.
A rat comes into view.
You puncture the orc wizard!
The orc wizard is heavily wounded.
The orc wizard hits you with a +0 dagger. x2
You closely miss the orc wizard.
The orc wizard is heavily wounded.
The orc wizard hits you but does no damage.
You hit the orc wizard.
The orc wizard is severely wounded.
You feel less confused.
The orc wizard hits you with a +0 dagger.
You hit the orc wizard.
The orc wizard is almost dead.
The orc wizard hits you with a +0 dagger.
You closely miss the orc wizard.
The orc wizard is almost dead.
The orc wizard hits you with a +0 dagger.
* * * LOW HITPOINT WARNING * * *
You completely miss the orc wizard.
The orc wizard is almost dead.
The rat closely misses you. The orc wizard casts a spell at you.
The magic dart hits you!
You die...

....<...........######...........
########......#.# .............
........####............#
.........................
..$......................
...............#+##......
...............#+##...###
......#r####........#.#.. ###.#
#.@..#......###.#.. .o
#.o..#......##..... .
#....#......##.....
...#....#......##.....
..................##.....
.....#............##..... ....
#............##..... ...
#...........###..... ..
#...........###.....


You could see an orc wizard and a rat.

Vanquished Creatures
  A gnoll (D:1)
  A worm (D:2)
  3 dart slugs (D:1)
  A ball python (D:1)
  2 endoplasms (D:1)
  3 giant cockroaches (D:1)
  2 goblins (D:1)
  3 jackals (D:1)
  A quokka (D:1)
  2 bats
  4 frilled lizards (D:1)
  A kobold (D:1)
  3 rats (D:1)
27 creatures vanquished.

Notes
Turn   | Place    | Note
-------+----------+-------------------------------------------
     0 | D:1      | SnakkuSnakku7 the Merfolk Enchanter began the quest for the
                  | Orb.
     0 | D:1      | Reached XP level 1. HP: 13/13 MP: 3/3
   395 | D:1      | Reached XP level 2. HP: 18/19 MP: 5/5
   410 | D:1      | Reached skill level 1 in Polearms
   723 | D:1      | Reached XP level 3. HP: 14/24 MP: 6/6
  1672 | D:2      | Killed from afar by an orc wizard

Illustrated notes

Levels and vault maps discovered:
D:1:      dpeg_arrival_three_bigger_balls, layout_basic, dk_noncrumbling_2
D:2:      layout_basic

Skill      XL: |  1  2 |
---------------+-------+-----
Polearms       | 3 |  3.9
Short Blades   | |  1.2
Dodging        | |  2.6
Stealth        | |  3.2
Spellcasting   | |  2.0
Hexes          | |  3.4

Action                   || total
-------------------------++-------
Melee: Dagger            ||    16
       Trident           ||    70
 Stab: Sleeping          ||     5
Armor: Robe              ||    13
Dodge: Dodged            ||    43
